Map: Hecate LE

Players

A.I. 1 (Very Easy) - Winner!

  • Race: Protoss Protoss
  • Spawn Location: 1:00

flashandfoul

  • Race: Terran Terran
  • League: Diamond
  • Spawn Location: 7:00

VOD

Have the link to the VOD?

Description

Time

  • Played on: March 23, 2024, 11:44 p.m.
  • Length: 5:06
Show
View Real Time Build Order
Export as new Build Order

A.I. 1 (Very Easy) Protoss - Winner!

Build Orders:  

Get SALT Encoding   

  6  0:00  Probe  
  13  0:13  Probe  
  14  0:19  Pylon  
  14  0:37  Assimilator  
  14  0:42  Gateway  
  14  0:45  Pylon  
  14  1:12  Assimilator  
  14  1:22  Probe  
  14  1:29  Zealot  
  14  1:30  Probe  
  14  1:32  Cybernetics Core  
  17  1:38  Probe  
  19  1:49  Probe  
  20  1:58  Warp Gate  
  20  1:59  Probe  
  21  2:07  Probe  
  22  2:39  Stalker  
Show
View Real Time Build Order
Export as new Build Order

flashandfoul Terran 

Build Orders: 2 Factory, Cyclone Opening 

Get SALT Encoding   

  6  0:00  SCV  
  13  0:12  SCV  
  14  0:17  Supply Depot  
  14  0:24  SCV  
  15  0:38  SCV  
  15  0:40  Barracks  
  16  0:43  Refinery  
  16  0:50  SCV  
  16  0:52  Refinery  
  17  1:02  SCV  
  18  1:15  SCV  
  19  1:27  Orbital Command  
  19  1:31  Factory  
  19  1:34  Supply Depot  
  19  1:41  Barracks Reactor  
  19  1:52  SCV  
  20  2:04  SCV  
  21  2:09  Factory  
  21  2:16  SCV  
  22  2:25  Cyclone  
  22  2:28  SCV  
  25  2:30  Cyclone  
  27  2:37  Barracks Tech Lab  
  27  2:42  Command Center  
  27  2:45  SCV  
  27  2:50  Supply Depot  
  28  3:02  SCV  
  29  3:07  Cyclone  
  31  3:13  Cyclone  
  31  3:14  SCV  
  31  3:19  Hurricane Engines  
  34  3:25  Supply Depot  
  34  3:26  SCV  
  35  3:33  Cyclone  
  37  3:38  SCV  
  38  3:47  Cyclone  
  40  3:50  SCV  
  40  3:53  Orbital Command  
  41  3:56  Cyclone  
  41  4:02  SCV  
  44  4:07  Cyclone  
  46  4:10  Refinery  
  46  4:14  SCV  
  47  4:19  Cyclone, SCV  
  50  4:26  SCV  
  50  4:28  Cyclone  
  50  4:31  SCV  
  54  4:33  Supply Depot  
  54  4:39  SCV  
  54  4:43  SCV  
  58  4:51  SCV  
  61  4:55  Supply Depot x2  
Tags
 
Add a new tag
Caveats
  • Supply blocks, unpowered buildings, or Contaminate may cause inaccurate times.
  • Supply counts are checked every 10 seconds.